 Dungeon Crawl Stone Soup version 0.24-a0-528-g98e85ec62a (webtiles) character file.

529775 DEFE the Executioner (level 24, -5/203 HPs)
             Began as a Demonspawn Wanderer on Jan 29, 2019.
             Was the Champion of Kikubaaqudgha.
             Slain by a vault warden
             ... wielding a +3 bardiche of protection
              (10 damage)
             ... on level 5 of the Vaults on Aug 5, 2019.
             The game lasted 02:40:33 (98193 turns).

DEFE the Executioner (Demonspawn Wanderer)         Turns: 98193, Time: 02:40:33

Health: -5/203     AC: 56    Str: 30    XL:     24   Next: 92%
Magic:  0/9        EV: 11    Int: 13    God:    Kikubaaqudgha [******]
Gold:   5294       SH:  0    Dex: 25    Spells: 5/27 levels left

rFire    + + .     SeeInvis +   K - +9 executioner's axe (antimagic)
rCold    + + .     Gourm    +   (shield currently unavailable)
rNeg     . . .     Faith    .   p - +8 gold dragon scales
rPois    +         Spirit   +   (helmet unavailable)
rElec    +         Reflect  .   L - +2 cloak {MR+}
rCorr    .         Harm     .   s - +0 pair of gloves of Listlessness {Dex+6}
MR       ++...                  Z - +2 pair of boots of Abacsiss {rElec Str+7}
Stlth    ..........             g - amulet "Rulus" {Gourm Int+2 Dex+2 SInv}
HPRegen  0.43/turn              X - ring "Reunueme" {+Inv rF+ SInv Stlth-}
MPRegen  0.22/turn              G - +5 ring of protection

@: about to teleport, sanguine armour
A: horns 3, cold resistance 1, powered by pain 3, augmentation 1, magic shield,
magic regeneration, magic link, MP-powered wands, sanguine armour 3
}: 2/15 runes: serpentine, barnacled
a: Receive Corpses, Torment, Renounce Religion, Evoke Invisibility


You were on level 5 of the Vaults.
You worshipped Kikubaaqudgha.
Kikubaaqudgha was exalted by your worship.
You were not hungry.

You visited 9 branches of the dungeon, and saw 45 of its levels.
You visited the Abyss 1 time.
You also visited: Gauntlet and Ice Cave.

You collected 7551 gold pieces.
You spent 2257 gold pieces at shops.

Inventory:

Hand Weapons
 q - the +7 glaive "Imocluel" {venom, *Corrode Dex+4 SInv}
   (You found it on level 6 of the Lair of Beasts)

   It poisons the flesh of those it strikes.
   It affects your dexterity (+4).
   It lets you see invisible.
   It may corrode you when you take damage.
 r - the +11 hand axe of Putrescence {protect, Stlth+}
   (You found it on level 5 of the Dungeon)

   It grants its wielder temporary protection when it strikes (+7 to AC).
   It makes you more stealthy.
 K - a +9 antimagic executioner's axe (weapon)
 S - a +2 broad axe of flaming
Armour
 p - +8 gold dragon scales (worn)
 s - the +0 pair of gloves of Listlessness (worn) {Dex+6}
   (You acquired it on level 3 of the Depths)

   It affects your dexterity (+6).
 L - a +2 cloak of magic resistance (worn)
 Y - a scarf of resistance
 Z - the +2 pair of boots of Abacsiss (worn) {rElec Str+7}
   (You acquired it on level 3 of the Depths)

   It affects your strength (+7).
   It insulates you from electricity.
Magical Staves
 y - an uncursed staff of wizardry
Jewellery
 g - the amulet "Rulus" (around neck) {Gourm Int+2 Dex+2 SInv}
   (You took it off a deep elf sorcerer on level 3 of the Elven Halls)

   [amulet of the gourmand]

   It allows you to eat raw meat even when not hungry.
   It affects your intelligence (+2).
   It affects your dexterity (+2).
   It lets you see invisible.
 l - an uncursed ring of resist corrosion
 G - a +5 ring of protection (right hand)
 R - an uncursed ring of wizardry
 X - the ring "Reunueme" (left hand) {+Inv rF+ SInv Stlth-}
   (You found it on level 2 of the Depths)

   [ring of attention]

   It protects you from fire.
   It lets you see invisible.
   It lets you turn invisible.
   It makes you less stealthy.
Wands
 d - a wand of scattershot (5)
 j - a wand of acid (11)
 w - a wand of polymorph (3)
 D - a wand of iceblast (16)
 E - a wand of digging (5)
 O - a wand of enslavement (22)
 U - a wand of disintegration (59)
 V - a wand of clouds (4)
Scrolls
 b - a scroll of brand weapon
 h - 5 scrolls of fog
 i - 13 scrolls of amnesia
 t - 21 scrolls of remove curse
 A - 7 scrolls of magic mapping
 B - 3 scrolls of holy word
 F - 6 scrolls of immolation
 M - 2 scrolls of teleportation
 Q - 6 scrolls of silence
 T - 21 scrolls of identify
Potions
 a - a potion of magic
 c - 4 potions of curing
 e - a potion of invisibility
 k - 5 potions of resistance
 m - a potion of flight
 n - 2 potions of might
 o - 8 potions of lignification
 v - a potion of berserk rage
 z - 6 potions of mutation
 I - 7 potions of haste
 J - 3 potions of brilliance
 N - 2 potions of agility
 P - 3 potions of cancellation
Miscellaneous
 u - a lamp of fire
 x - a phial of floods
 H - a lightning rod (4/4)
Comestibles
 f - 27 rations


   Skills:
 + Level 19.8 Fighting
   Level 3.1 Short Blades
 - Level 26.0 Axes
   Level 1.0 Crossbows
 - Level 2.1 Throwing
 + Level 18.7 Armour
 - Level 5.2 Dodging
   Level 4.0 Shields
 - Level 2.1 Spellcasting
 - Level 14.0 Necromancy
   Level 2.6 Air Magic
 - Level 7.1 Evocations


You had 5 spell levels left.
You knew the following spells:

 Your Spells              Type           Power        Failure   Level  Hunger
a - Corpse Rot            Necr           N/A          1%          2    ###....
b - Dispel Undead         Necr           #####...     26%         5    ######.
c - Animate Dead          Necr           N/A          9%          4    #####..
d - Necromutation         Tmut/Necr      ###.......   100%        8    #######
e - Regeneration          Chrm/Necr      ###.......   43%         3    ####...

Your spell library contained the following spells:

 Spells                   Type           Power        Failure   Level  Hunger
 Pain                     Necr           ####         1%          1    ##.....
 Sublimation of Blood     Necr           #####.....   1%          2    ###....
 Vampiric Draining        Necr           #####.....   2%          3    ####...
 Shock                    Conj/Air       #...         86%         1    ##.....
 Poisonous Vapours        Pois/Air       #.....       94%         2    ###....
 Swiftness                Chrm/Air       #.......     94%         2    ###....
 Confusing Touch          Hex            #.....       96%         1    ##.....
 Corona                   Hex            #......      96%         1    ##.....
 Flame Tongue             Conj/Fire      #....        96%         1    ##.....
 Freeze                   Ice            #...         96%         1    ##.....
 Magic Dart               Conj           #...         96%         1    ##.....
 Sting                    Conj/Pois      #...         96%         1    ##.....
 Summon Butterflies       Summ           #.......     96%         1    ##.....
 Summon Small Mammal      Summ           #...         96%         1    ##.....
 Blink                    Tloc           N/A          99%         2    ###....
 Call Imp                 Summ           #.......     99%         2    ###....
 Ensorcelled Hibernation  Hex/Ice        #.....       99%         2    ###....
 Passwall                 Tmut/Erth      #.......     99%         2    ###....
 Searing Ray              Conj           #.....       99%         2    ###....
 Slow                     Hex            #.......     99%         2    ###....
 Song of Slaying          Chrm           #.......     99%         2    ###....
 Throw Flame              Conj/Fire      #.....       99%         2    ###....
 Throw Frost              Conj/Ice       #.....       99%         2    ###....
 Mephitic Cloud           Conj/Pois/Air  #.......     99%         3    ####...
 Static Discharge         Conj/Air       #.......     99%         3    ####...
 Bolt of Draining         Conj/Necr      ###.......   99%         5    ######.
 Borgnjor's Vile Clutch   Necr/Erth      ###.......   99%         5    ######.
 Excruciating Wounds      Chrm/Necr      ###.......   99%         5    ######.
 Call Canine Familiar     Summ           #.......     100%        3    ####...
 Confuse                  Hex            #.......     100%        3    ####...
 Conjure Flame            Conj/Fire      #.......     100%        3    ####...
 Dazzling Spray           Conj/Hex       #.....       100%        3    ####...
 Gell's Gravitas          Tloc           #.........   100%        3    ####...
 Ignite Poison            Fire/Tmut/Pois #.......     100%        3    ####...
 Inner Flame              Hex/Fire       #.......     100%        3    ####...
 Ozocubu's Armour         Chrm/Ice       #.......     100%        3    ####...
 Portal Projectile        Hex/Tloc       #.....       100%        3    ####...
 Spider Form              Tmut/Pois      #.........   100%        3    ####...
 Stone Arrow              Conj/Erth      #.....       100%        3    ####...
 Summon Guardian Golem    Hex/Summ       #.......     100%        3    ####...
 Tukima's Dance           Hex            #.......     100%        3    ####...
 Airstrike                Air            #.........   100%        4    #####..
 Cause Fear               Hex            #.........   100%        4    #####..
 Force Lance              Conj/Tloc      #.......     100%        4    #####..
 Fulminant Prism          Conj/Hex       #.........   100%        4    #####..
 Ice Form                 Ice/Tmut       #.......     100%        4    #####..
 Iskenderun's Mystic Bla  Conj           #.......     100%        4    #####..
 Leda's Liquefaction      Hex/Erth       #.........   100%        4    #####..
 Olgreb's Toxic Radiance  Pois           #.......     100%        4    #####..
 Petrify                  Tmut/Erth      #.......     100%        4    #####..
 Sticky Flame             Conj/Fire      #.......     100%        4    #####..
 Summon Ice Beast         Ice/Summ       #.......     100%        4    #####..
 Summon Lightning Spire   Summ/Air       #.......     100%        4    #####..
 Throw Icicle             Conj/Ice       #.......     100%        4    #####..
 Alistair's Intoxication  Tmut/Pois      #.......     100%        5    ######.
 Aura of Abjuration       Summ           #.........   100%        5    ######.
 Bolt of Magma            Conj/Fire/Erth #.........   100%        5    ######.
 Fireball                 Conj/Fire      #.........   100%        5    ######.
 Irradiate                Conj/Tmut      #.........   100%        5    ######.
 Iskenderun's Battlesphe  Conj/Chrm      #.......     100%        5    ######.
 Lightning Bolt           Conj/Air       #.........   100%        5    ######.
 Metabolic Englaciation   Hex/Ice        #.........   100%        5    ######.
 Silence                  Hex/Air        #.........   100%        5    ######.
 Summon Forest            Summ/Tloc      #.........   100%        5    ######.
 Summon Mana Viper        Hex/Summ       #.......     100%        5    ######.
 Venom Bolt               Conj/Pois      #.........   100%        5    ######.
 Yara's Violent Unravell  Hex/Tmut       #.........   100%        5    ######.
 Bolt of Cold             Conj/Ice       #.........   100%        6    #######
 Bolt of Fire             Conj/Fire      #.........   100%        6    #######
 Deflect Missiles         Chrm/Air       #.........   100%        6    #######
 Dispersal                Tloc           #.........   100%        6    #######
 Freezing Cloud           Conj/Ice/Air   #.........   100%        6    #######
 Hydra Form               Tmut           #.........   100%        6    #######
 Iron Shot                Conj/Erth      #.........   100%        6    #######
 Ozocubu's Refrigeration  Ice            #.........   100%        6    #######
 Simulacrum               Ice/Necr       ###.......   100%        6    #######
 Haunt                    Necr/Summ      ###.......   100%        7    #######
 Malign Gateway           Summ/Tloc      #.........   100%        7    #######
 Orb of Destruction       Conj           #.........   100%        7    #######
 Ring of Flames           Chrm/Fire      #.........   100%        7    #######
 Spellforged Servitor     Conj/Summ      #.........   100%        7    #######
 Summon Hydra             Summ           #.........   100%        7    #######
 Borgnjor's Revivificati  Necr           #####.....   100%        8    #######
 Controlled Blink         Tloc           N/A          100%        8    #######
 Death's Door             Chrm/Necr      ###.......   100%        8    #######
 Discord                  Hex            #.........   100%        8    #######
 Disjunction              Tloc           #.........   100%        8    #######
 Ignition                 Fire           #.........   100%        8    #######
 Infestation              Necr           #####.....   100%        8    #######
 Dragon's Call            Summ           #.........   100%        9    #######
 Shatter                  Erth           #.........   100%        9    #######
 Tornado                  Air            #.........   100%        9    #######


Dungeon Overview and Level Annotations

Branches:
Dungeon (15/15)            Temple (1/1) D:6            Lair (6/6) D:11
 Shoals (4/4) Lair:4        Snake (4/4) Lair:3        Slime (0/5) Lair:5
    Orc (2/2) D:12            Elf (3/3) Orc:2        Vaults (5/5) D:14
  Crypt (0/3) Vaults:2     Depths (5/5) D:15            Zot (0/5) Depths:5

Altars:
Cheibriados
Elyvilon
Hepliaklqana
Kikubaaqudgha
Makhleb
Nemelex Xobeh
Okawaru
Qazlal
Ru
Sif Muna
Vehumet
Xom
Yredelemnul
Beogh
Jiyva

Shops:
D:6 *   D:12 }[   Orc:2 }:=[   Elf:3 }   Shoals:4 *   Snake:1 (   Snake:2 (
Snake:4 %   Vaults:3 (   Depths:2 }==

Portals:
Hell: Lair:6 Depths:1 Depths:2 Depths:3 Depths:4 Depths:5
Abyss: Depths:1 Depths:3 Depths:4
Pandemonium: Depths:2 Depths:3 Depths:4
Ziggurat: Depths:4
Trove: Vaults:2 (give horn of Geryon)

Annotations:
D:11 1 runed translucent door, nago's ghost, journeyman DsMo
Lair:1 1 runed translucent door, exclusion: 3 oklob plants, Zaque's ghost, novice MfSu
Lair:4 1 runed translucent door, Semoacif's ghost, journeyman GnAE
Lair:5 1 runed translucent door
Snake:3 exclusion: Roxanne, Roxanne
Snake:4 3 runed translucent doors, skumtomte's ghost, adept MiBe
Vaults:3 1 runed translucent door, mortelune's ghost, adept GnWz
Depths:4 exclusion: orange crystal statue


Innate Abilities, Weirdness & Mutations

You have a pair of large horns on your head.
You are powered by pain.
Your magical and physical power is slightly enhanced at high health.
When hurt, damage is shared between your health and your magic reserves.
You regenerate magic rapidly.
When low on magic, you restore magic in place of health.
When seriously injured, your bleeding wounds create very thick armour. (AC +12)
Your flesh is cold resistant. (rC+)
You expend magic power (3 MP) to strengthen your wands.


Message History

As you read the scroll of teleportation, it crumbles to dust.
You feel strangely unstable.
The quicksilver dragon bites you but does no damage.
The quicksilver dragon claws you but does no damage.
The vault warden hits you but does no damage.
The vault guard hits you but does no damage. x2
Unknown command.
Unknown command.
You feel better.
The quicksilver dragon bites you but does no damage.
The quicksilver dragon claws you!
* * * LOW HITPOINT WARNING * * *
The tengu reaver hits you from afar with a +0 halberd!
* * * LOW HITPOINT WARNING * * *
The quicksilver dragon closely misses you.
The quicksilver dragon claws you!
* * * LOW HITPOINT WARNING * * *
The vault warden hits you from afar with a +3 bardiche of protection!
You die...
Kikubaaqudgha rasps: "You have failed me!
Welcome... death!"

#...pe#*,,,,,,*,,,
#.)))######*******
#..*.......,,,,,,,
#§)))......,,,,,,,
#Q.p).Dp...,,,,,,,
#§§§§.p....,,,,,,,
#Qpp§######*******
#DpcD......,,,,,,,
#@p#.###...,,,,,,,
#.(#.#,***#***,,,,
#..#.##(....,**,,,
#..#..#.....,,,,,,
#..#..*....##*,,,,
#..#..##...#(###,*
#..#...##..##..###
#..#....#..#..#...
#..#.......#.#..#.


You could see a quicksilver dragon, a vault warden (inner flame), a tengu reaver
(inner flame), a yaktaur captain (inner flame) and 3 vault guards.

Vanquished Creatures
  An ancient lich (Depths:2)
  Bai Suzhen (Shoals:3)
  Xtahua (Depths:4)
  Margery (Depths:1)
  Nikola (Elf:2)
  2 caustic shrikes (Depths:1)
  3 golden dragons
  2 tentacled monstrosities (Depths:1)
  7 liches
  3 deep elf master archers (Elf:3)
  2 deep elf blademasters
  A titan (Vaults:5)
  Asterion (Elf:2)
  2 krakens
  4 sphinxes
  4 tengu reavers
  Donald (Elf:2)
  4 storm dragons
  Ilsuiw (Shoals:2)
  9 nagarajas
  A shadow dragon (Depths:5)
  9 frost giants
  6 iron dragons
  6 fire giants
  10 deep elf sorcerers
  9 vault wardens
  A curse skull (Vaults:2)
  Aizul (Snake:2)
  A draconian stormcaller (Depths:5)
  Louise (Snake:4)
  13 ironheart preservers
  An orc warlord (Orc:2)
  A war gargoyle (Vaults:4)
  7 deep elf elementalists
  21 stone giants
  25 very ugly things
  A ghoul (Vaults:3)
  2 spriggan defenders (Depths:2)
  8 deep elf demonologists
  An entropy weaver (Vaults:2)
  The ghost of Raymar the Spear-Bearer, a journeyman HOBe of Trog (Lair:6)
  A green draconian (Depths:5)
  14 spark wasps
  A purple draconian (Depths:5)
  A minotaur (Gauntlet)
  8 deep elf annihilators (Elf:3)
  A red draconian (Depths:5)
  A yellow draconian (Depths:5)
  10 ettins
  7 merfolk javelineers
  Snorg (Lair:5)
  8 deep elf death magi
  7 fire dragons
  A fire dragon (shapeshifter) (Vaults:5)
  15 yaktaur captains
  9 great orbs of eyes
  11 merfolk impalers
  Josephine (Lair:4)
  The ghost of Zaque the Destroyer, a journeyman DrCj of Vehumet (D:12)
  25 vault guards
  2 deep elf high priests
  5 rakshasas
  Harold (Lair:1)
  10 naga warriors
  11 ice dragons
  11 hydras
  3 alligator snapping turtles (Shoals:4)
  3 merfolk avatars
  3 merfolk aquamancers
  6 spriggan air magi
  10 centaur warriors
  11 ogre magi
  18 anacondas
  3 satyrs
  A satyr (shapeshifter) (Vaults:1)
  15 two-headed ogres
  4 death knights
  Erica (D:9)
  4 death yaks
  7 deep troll shamans
  A vampire mage (Vaults:2)
  18 dancing weapons
  12 naga sharpshooters
  7 tengu warriors
  5 orc high priests
  13 deep troll earth magi
  17 hell knights
  8 spriggan berserkers
  13 shock serpents
  Sonja (Lair:3)
  19 deep elf knights
  A soul eater (Depths:4)
  9 salamander mystics
  9 skeletal warriors
  15 sea snakes
  A storm dragon skeleton (Vaults:3)
  A fire crab (shapeshifter) (D:14)
  5 iron trolls
  2 shadow wraiths
  A golden dragon zombie (Depths:3)
  3 glowing orange brains
  5 naga ritualists
  7 flayed ghosts
  37 deep trolls
  2 unseen horrors
  15 deep elf archers
  2 lindwurms (shapeshifter)
  13 wizards
  2 gelid demonspawn (Depths:4)
  2 phantasmal warriors
  14 harpies
  11 orc knights
  14 ironbrand convokers
  A wolf spider zombie (D:14)
  4 lindwurms (Snake:4)
  3 wolf spiders (Vaults:3)
  7 necromancers
  An obsidian statue (Gauntlet)
  A shining eye (shapeshifter) (Vaults:3)
  17 fauns
  The ghost of PeterQ the Cutter, a novice DsAs of Okawaru (D:7)
  5 mana vipers
  45 ugly things
  2 orb spiders (shapeshifter)
  49 deep elf magi
  8 orc sorcerers
  7 cyclopes
  A sphinx skeleton (Depths:3)
  13 manticores
  A shadow dragon skeleton (Depths:3)
  A worldbinder (Abyss:2)
  A salamander (shapeshifter) (Depths:1)
  17 salamanders
  A tengu skeleton (Vaults:3)
  Maurice (D:9)
  A black mamba (shapeshifter) (Elf:1)
  A frost giant skeleton (Depths:3)
  12 merfolk sirens
  11 elephants
  9 guardian serpents
  27 black mambas
  5 rust devils
  32 naga magi
  17 vault sentinels
  9 water nymphs
  A molten gargoyle (Depths:1)
  4 gargoyles
  A hellion (Depths:4)
  A torpor snail (Lair:5)
  5 spectral swamp worms (Depths:2)
  An ice statue (IceCv)
  2 orange demons (Lair:6)
  2 human zombies (Vaults:3)
  3 centaur skeletons
  A kobold demonologist (D:15)
  17 spiny frogs
  29 yaktaurs
  A redback zombie (D:15)
  6 rime drakes
  5 tengu conjurers
  9 freezing wraiths
  11 komodo dragons
  2 red devils
  A merfolk (shapeshifter) (D:15)
  2 slime creatures (shapeshifter) (Vaults:5)
  3 meliai (D:14)
  A queen bee (D:14)
  10 wind drakes
  2 shadow dragon simulacra
  A queen bee (shapeshifter) (Depths:1)
  10 trolls
  12 hornets
  15 polar bears
  26 merfolk
  Prince Ribbit (D:5)
  23 dream sheep
  4 large abominations
  11 blink frogs
  10 hippogriffs
  19 slime creatures
  11 snapping turtles
  A human simulacrum (Vaults:1)
  2 air elementals (Elf:2)
  A ynoxinul (Depths:4)
  2 shadows
  A yak (shapeshifter) (Depths:1)
  A tarantella (shapeshifter) (Depths:2)
  12 water elementals
  4 redbacks
  9 spriggans
  9 wraiths
  A wyvern (D:14)
  80 yaks
  5 basilisks
  A fire elemental (Depths:1)
  3 hungry ghosts
  A tarantella (Vaults:2)
  Grum (D:9)
  A chaos spawn (Gauntlet)
  A neqoxec (Gauntlet)
  A basilisk (shapeshifter) (Vaults:1)
  3 vampire mosquitoes (D:12)
  Menkaure (D:7)
  A yaktaur simulacrum (Vaults:3)
  A swamp worm (shapeshifter) (Depths:1)
  2 acid dragons
  41 nagas
  A soldier ant (D:10)
  7 wargs
  3 hell hounds (Lair:6)
  15 water moccasins
  6 porcupines
  50 orc warriors
  11 ice beasts
  3 phantoms
  5 sky beasts
  An ettin simulacrum (Vaults:3)
  14 boggarts
  A hornet zombie (D:15)
  25 ogres
  4 necrophages
  23 wolves
  27 centaurs
  4 big kobolds
  A crocodile (shapeshifter) (Elf:2)
  21 crocodiles
  19 bullfrogs
  A wyvern zombie (D:10)
  An earth elemental (Elf:1)
  4 small abominations (Gauntlet)
  4 scorpions
  38 killer bees
  3 howler monkeys
  11 wights
  3 electric eels
  9 crimson imps
  2 bullfrog zombies
  4 quasits
  3 centaur zombies
  7 hounds
  Crazy Yiuf (D:7)
  30 orc priests
  7 jellies
  3 bullfrog skeletons
  3 iron imps
  An iguana (D:4)
  19 orc wizards
  9 worker ants
  3 hound zombies
  A mummy (D:11)
  8 gnolls
  14 adders
  A gnoll (shapeshifter) (Depths:5)
  8 shadow imps
  2 white imps (Depths:4)
  An ooze (D:1)
  2 adder skeletons
  2 adder zombies (D:6)
  2 dart slugs
  5 leopard geckos
  118 orcs
  8 giant cockroaches
  11 hobgoblins
  15 jackals
  15 kobolds
  4 quokkas
  2 ball pythons
  6 bats
  A frilled lizard (D:5)
  A giant cockroach zombie (D:5)
  14 goblins
  3 rats
  A crawling corpse (Vaults:5)
  A fungus (Lair:3)
  5 plants
  9 tentacles
2141 creatures vanquished.

Vanquished Creatures (collateral kills)
  A hydra (D:12)
  A dancing weapon (D:12)
  A shock serpent (Snake:3)
  A sun demon (Lair:6)
  2 orange demons (Lair:6)
  A hellwing (Lair:6)
  A red devil (Lair:6)
  A hell hound (Lair:6)
9 creatures vanquished.

Vanquished Creatures (others)
  A deep elf master archer (Elf:3)
  An ironheart preserver (Vaults:5)
  An unseen horror (D:15)
  A necromancer (Depths:4)
  A yaktaur (Vaults:2)
  3 nagas
  22 fungi
  56 plants
  23 tentacles
  A withered plant (D:11)
110 creatures vanquished.

Grand Total: 2260 creatures vanquished

Notes
Turn   | Place    | Note
-------+----------+-------------------------------------------
     0 | D:1      | DEFE the Demonspawn Wanderer began the quest for the Orb.
     0 | D:1      | DEFE set off with the following items: a +0 ring mail, a +0
                  | dagger, a ration; and the following spells available to
                  | memorise: Magic Dart, Sting, Blink, Call Imp, Slow,
                  | Mephitic Cloud, Conjure Flame
     0 | D:1      | Reached XP level 1. HP: 13/13 MP: 3/3
   512 | D:1      | Gained mutation: You sometimes gain a little power by
                  | taking damage. [demonic ancestry]
   512 | D:1      | Reached XP level 2. HP: 12/19 MP: 5/5
  1306 | D:1      | Reached XP level 3. HP: 25/25 MP: 6/6
  2144 | D:1      | HP: 1/25 [worm (6)]
  2445 | D:2      | Found an ancient bone altar of Kikubaaqudgha.
  2559 | D:2      | Reached skill level 1 in Short Blades
  3117 | D:2      | Reached XP level 4. HP: 24/31 MP: 5/7
  3631 | D:2      | Became a worshipper of Kikubaaqudgha
  3706 | D:3      | Reached skill level 1 in Shields
  3833 | D:3      | Found a snail-covered altar of Cheibriados.
  3833 | D:3      | Found a sacrificial altar of Ru.
  4246 | D:3      | Found an iron altar of Okawaru.
  4246 | D:3      | Found a basalt altar of Yredelemnul.
  4597 | D:4      | Reached skill level 1 in Necromancy
  4605 | D:4      | Gained mutation: When seriously injured, your bleeding
                  | wounds create armour. (AC +12) [demonic ancestry]
  4605 | D:4      | Reached XP level 5. HP: 33/36 MP: 5/8
  4694 | D:4      | Found a stormy altar of Qazlal.
  4720 | D:4      | Noticed an ogre
  5033 | D:4      | Killed an ogre
  5062 | D:4      | Reached skill level 1 in Evocations
  5062 | D:4      | Gained mutation: You sometimes gain power by taking damage.
                  | [demonic ancestry]
  5062 | D:4      | Reached XP level 6. HP: 22/42 MP: 5/9
  5475 | D:5      | Entered Level 5 of the Dungeon
  5867 | D:5      | Noticed a sky beast
  5918 | D:4      | Killed a sky beast
  6165 | D:5      | Noticed Prince Ribbit
  6167 | D:5      | Killed Prince Ribbit
  6167 | D:5      | Gained mutation: When hurt, damage is shared between your
                  | health and your magic reserves. [demonic ancestry]
  6167 | D:5      | Reached XP level 7. HP: 47/47 MP: 10/10
  6209 | D:5      | Reached * piety under Kikubaaqudgha
  6209 | D:5      | Identified Kikubaaqudgha's Tome of Darkness (Kikubaaqudgha
                  | gifted it to you on level 5 of the Dungeon)
  6209 | D:5      | Received a gift from Kikubaaqudgha
  6253 | D:5      | Learned a level 2 spell: Corpse Rot
  7055 | D:5      | Got an ivory hand axe
  7056 | D:5      | Identified the +11 hand axe of Putrescence {protect,
                  | Stlth+} (You found it on level 5 of the Dungeon)
  7201 | D:5      | Gained mutation: When seriously injured, your bleeding
                  | wounds create thick armour. (AC +12) [demonic ancestry]
  7201 | D:5      | Reached XP level 8. HP: 29/53 MP: 7/11
  7469 | D:6      | Found a staircase to the Ecumenical Temple.
  7575 | D:6      | Reached skill level 5 in Armour
  7683 | D:6      | Found Teraor's Assorted Antiques.
  7686 | D:6      | Bought a worn lead wand for 132 gold pieces
  7750 | D:6      | Reached skill level 5 in Necromancy
  7780 | D:6      | Found a white marble altar of Elyvilon.
  8144 | D:6      | Reached ** piety under Kikubaaqudgha
  9046 | Temple   | Entered the Ecumenical Temple
  9067 | D:7      | Gained mutation: You have a pair of small horns on your
                  | head. [demonic ancestry]
  9067 | D:7      | Reached XP level 9. HP: 58/58 MP: 12/12
  9150 | D:7      | Found a runed door.
  9192 | D:7      | Reached skill level 1 in Axes
  9205 | D:7      | Noticed Menkaure
  9225 | D:7      | Killed Menkaure
  9313 | D:7      | Reached skill level 2 in Axes
  9396 | D:7      | Noticed PeterQ's ghost (novice DsAs)
  9720 | D:7      | Reached skill level 3 in Axes
 10188 | D:7      | Found a runed door.
 10306 | D:7      | Killed PeterQ's ghost
 10306 | D:7      | Reached *** piety under Kikubaaqudgha
 10306 | D:7      | Identified Kikubaaqudgha's Volume of Evil Arts
                  | (Kikubaaqudgha gifted it to you on level 7 of the Dungeon)
 10306 | D:7      | Received a gift from Kikubaaqudgha
 10306 | D:7      | Reached skill level 4 in Axes
 10429 | D:7      | Noticed Crazy Yiuf
 10431 | D:7      | Killed Crazy Yiuf
 10508 | D:8      | Noticed a troll
 10818 | D:8      | Killed a troll
 10818 | D:8      | Reached XP level 10. HP: 50/64 MP: 9/13
 11085 | D:8      | Found a hazy altar of Hepliaklqana.
 11978 | D:9      | Reached skill level 5 in Axes
 12141 | D:9      | Reached **** piety under Kikubaaqudgha
 12240 | D:9      | Noticed Grum
 12251 | D:9      | Killed Grum
 12356 | D:9      | Noticed Maurice
 12367 | D:9      | Killed Maurice
 12587 | D:9      | Noticed Erica
 12603 | D:9      | Killed Erica
 12603 | D:9      | Reached skill level 6 in Axes
 13070 | D:10     | Entered Level 10 of the Dungeon
 13214 | D:10     | Noticed a gargoyle
 13224 | D:10     | Killed a gargoyle
 13224 | D:10     | Reached skill level 10 in Necromancy
 13248 | D:10     | Reached XP level 11. HP: 53/69 MP: 11/14
 13940 | D:10     | Reached skill level 7 in Axes
 14128 | D:10     | Identified a scroll of acquirement
 14133 | D:10     | Upgraded the game from 0.23-a0-767-gdc19b93d68 to
                  | 0.24-a0-3-g5a199981cb
 14364 | D:11     | Reached ***** piety under Kikubaaqudgha
 14788 | D:11     | Noticed a brown ugly thing
 14809 | D:11     | Killed a brown ugly thing
 14975 | D:11     | Reached skill level 10 in Armour
 15361 | D:11     | Killed an unseen horror
 15457 | D:11     | Found a staircase to the Lair.
 15568 | D:11     | Reached skill level 8 in Axes
 15608 | D:11     | Noticed a cyan ugly thing
 15621 | D:11     | Killed a cyan ugly thing
 15816 | D:11     | Found a runed translucent door.
 15816 | D:11     | Noticed nago's ghost (journeyman DsMo)
 15892 | D:11     | Learned a level 5 spell: Dispel Undead
 16000 | Lair:1   | Entered Level 1 of the Lair of Beasts
 16021 | Lair:1   | Noticed a four-headed hydra
 16023 | Lair:1   | You fall through a shaft!
 16158 | Lair:2   | Reached XP level 12. HP: 35/75 MP: 15/15
 16768 | Lair:1   | Noticed Zaque's ghost (novice MfSu)
 16771 | Lair:1   | Found a runed translucent door.
 16811 | Lair:1   | Noticed Harold
 16827 | Lair:1   | Killed Harold
 16853 | Lair:1   | Killed a four-headed hydra
 16999 | Lair:1   | You fall through a shaft!
 17203 | Lair:1   | Reached skill level 9 in Axes
 18494 | Lair:2   | You fall through a shaft for 2 floors!
 18495 | Lair:4   | Noticed Josephine
 18506 | Lair:4   | Noticed a seven-headed hydra
 19165 | Lair:3   | Noticed a four-headed hydra
 19185 | Lair:3   | Killed a four-headed hydra
 19732 | Lair:3   | Noticed Sonja
 19738 | Lair:3   | Killed Sonja
 19738 | Lair:3   | Reached skill level 10 in Axes
 19784 | Lair:3   | Gained mutation: You regenerate magic rapidly. [demonic
                  | ancestry]
 19784 | Lair:3   | Reached XP level 13. HP: 31/80 MP: 6/16
 20398 | Lair:3   | Found a staircase to the Snake Pit.
 21648 | Lair:4   | Found a runed translucent door.
 21651 | Lair:4   | Noticed Semoacif's ghost (journeyman GnAE)
 21852 | Lair:4   | Killed Josephine
 21874 | Lair:4   | Found a staircase to the Shoals.
 22226 | Lair:4   | Reached ****** piety under Kikubaaqudgha
 22805 | Lair:5   | Reached skill level 1 in Fighting
 23278 | Lair:5   | Reached skill level 11 in Axes
 24413 | Lair:5   | Found a runed translucent door.
 24414 | Lair:5   | Found a viscous altar of Jiyva.
 24415 | Lair:5   | Noticed an acid blob
 24429 | Lair:5   | Found a staircase to the Slime Pits.
 24964 | Lair:6   | Entered Level 6 of the Lair of Beasts
 24980 | Lair:6   | Noticed Snorg
 25154 | Lair:5   | Reached skill level 5 in Fighting
 25178 | Lair:5   | Killed Snorg
 25513 | Lair:6   | Reached XP level 14. HP: 58/98 MP: 17/17
 25821 | Lair:6   | Found a runed translucent door.
 26075 | Lair:5   | Reached skill level 12 in Axes
 26966 | Lair:6   | Got a crude glaive
 28169 | Lair:6   | Cast into level 2 of the Abyss (a wizard)
 28275 | Abyss:2  | Noticed a red very ugly thing
 28291 | Abyss:2  | Killed a cyan very ugly thing
 28506 | Abyss:2  | Noticed a tentacled starspawn
 28513 | Lair:6   | Escaped the Abyss
 28687 | Lair:6   | Found a burning altar of Makhleb.
 28751 | Lair:6   | Reached skill level 13 in Axes
 29144 | Lair:6   | Found a gateway to Hell.
 29269 | Lair:6   | Noticed Raymar's ghost (journeyman HOBe)
 29355 | Lair:6   | Killed Raymar's ghost
 29766 | D:12     | Learned a level 4 spell: Animate Dead
 29812 | D:12     | Identified the +7 glaive "Imocluel" {venom, *Corrode Dex+4
                  | SInv} (You found it on level 6 of the Lair of Beasts)
 29818 | D:12     | Found a staircase to the Orcish Mines.
 29820 | D:12     | Found Tibriet's Armour Shoppe.
 29869 | D:12     | Bought a +0 chain mail for 67 gold pieces
 29885 | D:12     | Found Isikhloe's Gadget Shoppe.
 29914 | D:12     | Found a frozen archway.
 30076 | IceCv    | Entered an ice cave
 31214 | IceCv    | Noticed a frost giant
 31230 | IceCv    | Reached skill level 10 in Fighting
 31230 | IceCv    | Gained mutation: When low on magic, you restore magic in
                  | place of health. [demonic ancestry]
 31230 | IceCv    | Reached XP level 15. HP: 88/115 MP: 15/18
 31240 | IceCv    | Killed a frost giant
 31763 | D:12     | Found a shimmering altar of Xom.
 31763 | D:12     | Noticed Zaque's ghost (journeyman DrCj)
 31764 | D:12     | Found a runed translucent door.
 31808 | D:12     | Killed Zaque's ghost
 31814 | D:12     | Paralysed by a +2 halberd of chaos for 7 turns
 32405 | Orc:1    | Entered Level 1 of the Orcish Mines
 32681 | Orc:2    | Entered Level 2 of the Orcish Mines
 32960 | Orc:2    | Reached skill level 14 in Axes
 33357 | Orc:2    | Noticed an orc warlord
 33379 | Orc:2    | Killed an orc warlord
 33712 | Orc:2    | Found a roughly hewn altar of Beogh.
 33769 | Orc:2    | Found Licui's Armour Shoppe.
 33779 | Orc:2    | Bought a scarf of resistance for 320 gold pieces
 34327 | Orc:2    | Found Peful's Jewellery Boutique.
 34545 | Orc:2    | Found a staircase to the Elven Halls.
 34924 | Orc:2    | Found a roughly hewn altar of Beogh.
 35214 | Orc:2    | Found Igaw Sajad's Gadget Emporium.
 35389 | Orc:2    | Found Yninn's Book Shoppe.
 35937 | D:13     | Found a radiant altar of Vehumet.
 35944 | D:13     | Found a gate leading to a gauntlet.
 35955 | Gauntlet | Entered a Gauntlet
 35955 | Gauntlet | Found a transporter.
 35962 | Gauntlet | Found a transporter.
 35964 | Gauntlet | Found a transporter.
 35975 | Gauntlet | Found a transporter.
 35981 | Gauntlet | Found a transporter.
 35984 | Gauntlet | Found a transporter.
 36001 | Gauntlet | Found a transporter.
 36011 | Gauntlet | Found a transporter.
 36021 | Gauntlet | Found a transporter.
 36033 | Gauntlet | Found a transporter.
 36033 | Gauntlet | Found a transporter.
 36060 | Gauntlet | Found a runed translucent door.
 36061 | Gauntlet | Found a transporter.
 36061 | Gauntlet | Found a transporter.
 36062 | Gauntlet | Found a runed translucent door.
 36113 | Gauntlet | Found a transporter.
 36199 | Gauntlet | Gained mutation: Scrolls take you a little longer to read.
                  | [a neqoxec]
 36217 | Gauntlet | Lost mutation: Scrolls take you a little longer to read.
                  | [potion of mutation]
 36217 | Gauntlet | Gained mutation: Your flesh is cold resistant. (rC+)
                  | [potion of mutation]
 36217 | Gauntlet | Gained mutation: You expend magic power (3 MP) to
                  | strengthen your wands. [potion of mutation]
 36525 | Gauntlet | Identified the +6 lajatang of the Sky {pain, Dex+4}
 36569 | Gauntlet | Identified the Grimoire of the Enthralling Compass
 37917 | D:14     | Reached skill level 15 in Axes
 38181 | D:14     | Reached XP level 16. HP: 129/129 MP: 19/19
 38221 | D:14     | Found a gate to the Vaults.
 38302 | D:14     | Upgraded the game from 0.24-a0-3-g5a199981cb to
                  | 0.24-a0-528-g98e85ec62a
 39139 | D:15     | Entered Level 15 of the Dungeon
 39458 | D:15     | Reached skill level 16 in Axes
 39474 | D:15     | Reached skill level 1 in Dodging
 39966 | D:15     | Found a staircase to the Depths.
 40239 | D:15     | Reached skill level 5 in Dodging
 40820 | D:12     | Bought a +2 plate armour of poison resistance for 555 gold
                  | pieces
 41093 | Snake:1  | Entered Level 1 of the Snake Pit
 41094 | Snake:1  | Found Kerch's Antique Weapon Shop.
 41570 | Snake:1  | Found a sacrificial altar of Ru.
 42280 | Snake:2  | Found Vicw's Weapon Emporium.
 43299 | Snake:2  | Reached skill level 17 in Axes
 43699 | Snake:2  | Noticed Aizul
 43727 | Snake:2  | Killed Aizul
 44356 | Snake:3  | Identified Roxanne's Catalogue of Oenomania
 44356 | Snake:3  | Noticed Roxanne
 44824 | Snake:3  | Reached XP level 17. HP: 108/135 MP: 18/20
 45173 | Snake:3  | Found a snail-covered altar of Cheibriados.
 46761 | Snake:2  | HP: 6/135 [poisoned by a nagaraja (poison arrow)]
 46766 | Snake:2  | HP: 5/135 [poisoned by a nagaraja (poison arrow)]
 46771 | Snake:2  | HP: 3/135 [poisoned by a nagaraja (poison arrow)]
 46779 | Snake:2  | HP: 2/135 [poisoned by a nagaraja (poison arrow)]
 47380 | Snake:3  | Reached skill level 18 in Axes
 48908 | Snake:4  | Entered Level 4 of the Snake Pit
 49664 | Snake:4  | Noticed skumtomte's ghost (adept MiBe)
 49678 | Snake:4  | Found a runed translucent gate.
 49678 | Snake:4  | Found a runed translucent gate.
 49680 | Snake:4  | Found a runed translucent gate.
 49914 | Snake:4  | Noticed Louise
 49924 | Snake:4  | Killed Louise
 49948 | Snake:4  | Reached skill level 19 in Axes
 50460 | Snake:4  | Found Homuoc's Food Shop.
 51837 | Snake:4  | Gained mutation: You have a pair of horns on your head.
                  | [demonic ancestry]
 51837 | Snake:4  | Reached XP level 18. HP: 127/142 MP: 19/21
 53075 | Snake:4  | Reached skill level 20 in Axes
 54222 | Snake:4  | Got a serpentine rune of Zot
 54555 | Vaults:1 | Entered Level 1 of the Vaults
 57002 | Vaults:2 | Gained mutation: When seriously injured, your bleeding
                  | wounds create very thick armour. (AC +12) [demonic
                  | ancestry]
 57002 | Vaults:2 | Reached XP level 19. HP: 82/153 MP: 22/22
 59197 | Vaults:2 | Reached skill level 15 in Fighting
 59505 | Vaults:2 | Found a staircase to the Crypt.
 59560 | Vaults:2 | Found a portal to a secret trove of treasure.
 60312 | Vaults:3 | Found Nichikuu's Weapon Shop.
 61470 | Vaults:3 | Found a runed translucent door.
 61472 | Vaults:3 | Noticed mortelune's ghost (adept GnWz)
 61678 | Vaults:3 | Reached skill level 15 in Armour
 63479 | Vaults:4 | Reached XP level 20. HP: 106/166 MP: 19/23
 65272 | Elf:1    | Entered Level 1 of the Elven Halls
 66253 | Elf:2    | Noticed Nikola
 66269 | Elf:2    | Killed Nikola
 66618 | Elf:2    | Noticed Asterion
 66633 | Elf:2    | Noticed Donald
 66980 | Elf:2    | Found a runed translucent gate.
 66980 | Elf:2    | Found a runed translucent gate.
 66980 | Elf:2    | Found a runed translucent gate.
 67684 | Elf:3    | Entered Level 3 of the Elven Halls
 67751 | Elf:3    | Found Pudazxy's Gadget Boutique.
 68300 | Elf:3    | Bought a wand of acid (11) for 420 gold pieces
 68300 | Elf:3    | Bought a wand of iceblast (3) for 98 gold pieces
 68793 | Elf:3    | Identified the +6 glaive "Astre" {pain, +Blink rF+ MP+9
                  | Int+2}
 68922 | Elf:3    | Reached skill level 5 in Evocations
 69250 | Elf:3    | Identified the +9 quarterstaff of Eternity {flame, rElec
                  | MR+ Str-2}
 69557 | Elf:3    | Identified the amulet "Rulus" {Gourm Int+2 Dex+2 SInv}
 69803 | Elf:3    | Identified the ring of Xouxt {rN+ MP+9}
 70114 | Elf:3    | Identified the ring "Usyteh" {+Inv +Fly rC+}
 70389 | Elf:3    | Reached XP level 21. HP: 177/177 MP: 25/25
 70437 | Elf:3    | Identified the amulet "Ipeff" {Acrobat rPois}
 71810 | Elf:2    | Killed Asterion
 72535 | Elf:2    | Killed Donald
 73504 | Shoals:1 | Entered Level 1 of the Shoals
 75016 | Shoals:2 | Goblin1989: ??bcrawl
 75016 | Shoals:2 | beem: bcrawl[1/1]: Either bcrawl by bhauth (
                  | https://github.com/b-crawl/bcrawl ), or bCrawl by Bcadren (
                  | https://github.com/Bcadren/crawl/tree/bCrawl )
 75282 | Shoals:2 | Noticed Ilsuiw
 75309 | Shoals:2 | Killed Ilsuiw
 76972 | Shoals:3 | Reached skill level 21 in Axes
 78077 | Shoals:4 | Entered Level 4 of the Shoals
 78674 | Shoals:4 | Got a fine sapphire amulet
 78675 | Shoals:4 | Identified the amulet "Naeqoxih" {Inacc rElec Dex+4} (You
                  | found it on level 4 of the Shoals)
 79555 | Shoals:4 | Found Vant's Assorted Antiques.
 79563 | Shoals:4 | Bought a scroll of magic mapping for 133 gold pieces
 79563 | Shoals:4 | Bought a wand of clouds (7) for 456 gold pieces
 79563 | Shoals:4 | Bought a scroll of identify for 76 gold pieces
 79997 | Shoals:4 | Noticed Bai Suzhen
 80670 | Shoals:3 | Killed Bai Suzhen
 81050 | Shoals:4 | Gained mutation: You have a pair of large horns on your
                  | head. [demonic ancestry]
 81050 | Shoals:4 | Reached XP level 22. HP: 91/185 MP: 9/27
 82494 | Shoals:4 | Got a barnacled rune of Zot
 83036 | Shoals:4 | Reached skill level 22 in Axes
 83453 | Depths:1 | Entered Level 1 of the Depths
 83727 | D:15     | Received a gift from Kikubaaqudgha
 83739 | D:15     | Learned a level 8 spell: Necromutation
 83863 | Depths:1 | Found a one-way gate to the infinite horrors of the Abyss.
 84674 | Depths:1 | Noticed Margery
 84699 | Depths:1 | Killed Margery
 85158 | Depths:1 | You fall into a shaft and drop 1 floor!
 85518 | Depths:2 | Found a one-way gate leading to the halls of Pandemonium.
 86488 | Depths:2 | Reached skill level 23 in Axes
 86640 | Depths:2 | Found Iwaext's Gadget Emporium.
 86640 | Depths:2 | Found Xeun's Jewellery Boutique.
 86641 | Depths:2 | Found Luag's Jewellery Boutique.
 87136 | Depths:2 | Identified Kepnatyo's Incunabulum of Ashen Good Luck
 87149 | Depths:2 | Found a deep blue altar of Sif Muna.
 87154 | Depths:2 | Learned a level 3 spell: Regeneration
 87172 | Depths:2 | Noticed an ancient lich
 87189 | Depths:2 | Killed an ancient lich
 87340 | Depths:2 | Identified the Guide on Toxins
 87648 | Depths:2 | Identified the ring "Reunueme" {+Inv rF+ SInv Stlth-} (You
                  | found it on level 2 of the Depths)
 87694 | Depths:2 | Identified the Volume of Companions and the Rocks
 88085 | Depths:1 | Noticed a caustic shrike
 88092 | Depths:1 | Killed a caustic shrike
 88405 | Depths:1 | Gained mutation: You are powered by pain. [demonic
                  | ancestry]
 88405 | Depths:1 | Reached XP level 23. HP: 80/191 MP: 9/28
 88829 | Depths:1 | Reached skill level 24 in Axes
 90317 | Depths:1 | Noticed a caustic shrike
 90326 | Depths:1 | Killed a caustic shrike
 92491 | Depths:3 | Reached skill level 25 in Axes
 93135 | Depths:3 | Identified the +1 pair of boots of Melancholy {rF+ rC-
                  | Dex+6} (You acquired it on level 3 of the Depths)
 93140 | Depths:3 | Identified the +0 pair of gloves of Listlessness {Dex+6}
                  | (You acquired it on level 3 of the Depths)
 93160 | Depths:3 | Identified the +2 pair of boots of Abacsiss {rElec Str+7}
                  | (You acquired it on level 3 of the Depths)
 93236 | Depths:3 | DEFE: ??dex
 93236 | Depths:3 | beem: dex[1/1]: Increases {accuracy} slightly, chance of
                  | stabbing distracted mons and stealth as well. Plays a
                  | significant role in EV if you have {dodging} skill. Boosts
                  | ability to shield-block, especially for bucklers, less for
                  | large shields.
 93236 | Depths:3 | DEFE: ??accuracy
 93236 | Depths:3 | beem: to hit[1/6]: The ability to hit things and not miss
                  | them. For players: see {accuracy[2]} for player accuracy
                  | and {accuracy[3]} for monster accuracy. The value used is
                  | called mhit, and {test_hit} actually decides if a hit
                  | occurs based on that value.
 93236 | Depths:3 | DEFE: ??accuracy[2
 93236 | Depths:3 | beem: to hit[2/6]: mhit is random2(15 + dex/2 +
                  | random2(fighting+1) + random2(weapon skill+1) + weapon
                  | enchantment + weapon base accuracy + slaying - 3 if
                  | starving - 1d({aevp}) – 1d({asp}) - 5 if vertigo + 3/5/7
                  | for eyes mut) - 6 vs invisible targets - 5 if inaccuracy
 94364 | Depths:4 | Gained mutation: Your magical and physical power is
                  | slightly enhanced at high health. [demonic ancestry]
 94364 | Depths:4 | Reached XP level 24. HP: 131/199 MP: 7/28
 94767 | Depths:4 | Noticed Xtahua
 94779 | Depths:4 | Killed Xtahua
 94815 | Depths:4 | Reached skill level 26 in Axes
 95218 | Depths:4 | Found a gateway to a ziggurat.
 95769 | Depths:5 | Entered Level 5 of the Depths
 96550 | Depths:5 | Found a gate to the Realm of Zot.
 97726 | Vaults:5 | Entered Level 5 of the Vaults
 97728 | Vaults:5 | Noticed an ancient lich
 97966 | Vaults:5 | Identified the +6 whip of Incongruity {antimagic, Int-5
                  | SInv Stlth+}
 98178 | Vaults:5 | Identified the +7 chain mail "Rotaic" {rN++ Int-5 Stlth+}
 98193 | Vaults:5 | HP: 5/203 [quicksilver dragon (9)]
 98193 | Vaults:5 | Slain by a vault warden

Levels and vault maps discovered:
D:1:      minmay_arrival_arboretum_small, minmay_misc_feat_iff
D:2:      kiku_gazebo_pond_becter, serial_rivers,
          chequers_serial_rivers_small_b, chequers_serial_rivers_room_a,
          chequers_serial_rivers_micro_d, chequers_serial_rivers_large_a,
          chequers_hall_statues_wall_a
D:3:      gammafunk_temple_overflow_statue, gammafunk_temple_overflow_pools,
          first_ration
D:4:      grunt_qazlal_clouds
D:5:      uniq_prince_ribbit1
D:6:      corexii_shantytown, minmay_temple_entry_proselytizer, serial_shops,
          kennysheep_mini, elyvilon_altar_3
D:7:      hellmonk_ghost_happy_afterlife, minmay_fractal_squares_5,
          uniq_menkaure, uniq_crazy_yiuf_cottage
D:8:      marbit_many_paths
D:9:      uniq_grum, uniq_erica, uniq_maurice
D:11:     minmay_lair_entry_grove, gammafunk_ghost_grave, serial_undead,
          serial_undead_a, serial_undead_f, serial_undead_d, serial_undead_c
D:12:     orc_david_3, portal_ice_cave_entry_ice_beasts, serial_shops, shop,
          ebering_ghost_xom, grunt_ministairs_4
D:13:     basic_altar, gauntlet_entry_generic, hangedman_ranch
D:14:     erik_vaults_2, minmay_misc_feat_square, minivault_7
D:15:     hangedman_depths_entry_civil_slaughter, layout_basic, kb_rosetta
Temple:   nicolae_temple_elliptical
Lair:1:   hellmonk_ghost_happy_afterlife, lemuel_fruit_tree,
          minmay_lair_oklob_chamber, uniq_harold
Lair:2:   nicolae_volcano_entry_lava_flow
Lair:3:   guppyfry_snake_entry_island, guppyfry_lair_drakes,
          lemuel_fruit_fields, uniq_sonja
Lair:4:   minmay_shoals_entry_hut, hellmonk_ghost_happy_afterlife,
          serial_bayou_lagoon_a, uniq_josephine
Lair:5:   slime_altar_2, minmay_shattered_shrine, infiniplex_staircase_pool
Lair:6:   evil_forest, ebering_ghost_reflecting_pool, uniq_snorg
Shoals:1: layout_shoals, abandoned_shop, nicolae_shoals_mertower
Shoals:2: layout_shoals, nicolae_shoals_dead_sea_scrolls, uniq_ilsuiw
Shoals:3: layout_shoals
Shoals:4: shoals_end_hangedman, layout_shoals, serial_shops, shop_coins,
          abandoned_shop, uniq_bai_suzhen
Snake:1:  layout_basic, basic_altar, serial_shops, shop
Snake:2:  layout_misc_corridors, serial_shops, shop, uniq_aizul
Snake:3:  cheibrodos_snake_lava_hold, layout_gridlike, basic_altar,
          serial_bayou_shore_a, grunt_megastairs_2, uniq_roxanne
Snake:4:  snake_pit_salamanders_mu, layout_gridlike, gammafunk_ghost_split,
          serial_shops, shop, uniq_louise
Orc:2:    pubby_orc_utopia, serial_shops
Elf:1:    layout_rooms, hangedman_elf_represent
Elf:2:    layout_geoelf_diagonals, minmay_misc_feat_ornament, uniq_donald,
          uniq_nikola, uniq_asterion
Elf:3:    minmay_elf_hall_quartered_circle, layout_geoelf_castle, serial_shops,
          shop, st_stairs_4
Vaults:1: nicolae_vaults_network_quinsquares
          [nicolae_vaults_network_quincunx_subvault,
          nicolae_vaults_network_quincunx_subvault,
          nicolae_vaults_network_quincunx_subvault,
          nicolae_vaults_network_quincunx_subvault], vaults_mumra_minichess,
          v_misc_30, vaults_room_grunt_arrival_ludios,
          ontoclasm_vaults_loading_screen, hangedman_vaults_hat, st_cross,
          v_misc_28, ontoclasm_vaults_fault, layout_vaults_omnicross
Vaults:2: grunt_vaults_bifocal, nicolae_vaults_circle_grid_a,
          hangedman_vaults_slither, vaults_room_large_hall,
          nicolae_vaults_lopsided_apartments, vaults_room_fours, v_misc_19,
          vaults_room_stairs_pillars, ontoclasm_vaults_shuriken,
          ontoclasm_vaults_chip, minmay_crypt_entry_simple_box,
          vaults_room_octagon, layout_vaults_maze_snakey, enter_trove_5
Vaults:3: ebering_vaults_ghost_inner_flame, nicolae_vaults_ring_of_whatevers,
          nicolae_vaults_mini_display_case, ontoclasm_vaults_loading_screen,
          vaults_dpeg_cross, ontoclasm_vaults_spin,
          nicolae_vaults_specimen_jars, ontoclasm_vaults_pinch,
          nicolae_vaults_little_squares_2, vaults_standard_mumra_x,
          layout_vaults_quadrants, serial_shops, shop
Vaults:4: grunt_vaults_swirl, nicolae_vaults_little_squares_1, v_misc_33,
          nicolae_vaults_what_the_h, vaults_room_grunt_arrival_checkpoint,
          v_misc_11, nicolae_vaults_ninety_degrees, vaults_room_semicircle,
          vaults_room_pool, ontoclasm_vaults_shout, v_misc_16, v_misc_22,
          layout_vaults_omnibox
Vaults:5
Depths:1: minmay_the_grid_square_5x5_5x5 [minmay_the_grid_square_5x5_inner_v,
          minmay_the_grid_square_5x5_three_walls,
          minmay_the_grid_square_5x5_plus, minmay_the_grid_square_5x5_seven,
          minmay_the_grid_square_5x5_comb, minmay_the_grid_square_5x5_six,
          minmay_the_grid_square_5x5_prize_itemx,
          minmay_the_grid_square_5x5_six_small,
          minmay_the_grid_square_5x5_prize_open,
          minmay_the_grid_square_5x5_three_small,
          minmay_the_grid_square_5x5_eight_small,
          minmay_the_grid_square_5x5_checkered_sparse,
          minmay_the_grid_square_5x5_prize_gold,
          minmay_the_grid_square_5x5_checkered,
          minmay_the_grid_square_5x5_gyroscope,
          minmay_the_grid_square_5x5_trominoes,
          minmay_the_grid_square_5x5_prize_snowflake,
          minmay_the_grid_square_5x5_fat_x,
          minmay_the_grid_square_5x5_prize_deathbox,
          minmay_the_grid_square_5x5_inset, minmay_the_grid_square_5x5_bridge,
          minmay_the_grid_square_5x5_three,
          minmay_the_grid_square_5x5_checkered_statues,
          minmay_the_grid_square_5x5_shrine2,
          minmay_the_grid_square_5x5_almost_minimal], layout_cave_pools,
          nicolae_abyss_entry_one_way_or_another, grunt_metal_band,
          chequers_hall_statues_corner_a, chequers_decorated_corner,
          dk_noncrumbling_4, minmay_metal_thing
Depths:2: evilmike_library_of_no_secrets, layout_cave_pools, pan_entry,
          pf_hell_entry_tar_river, minmay_crystal_room,
          infiniplex_staircase_zigzag_4, minmay_shop_grove
Depths:3: minmay_shrinking_squares, layout_gridlike, rand_demon_pan_entry_4,
          hangedman_decor_slide_cut, hell_entry, abyss_entry_small_statue_room
Depths:4: minmay_inside_and_out, layout_basic, enter_ziggurat_c,
          infiniplex_staircase_9_rooms, grunt_pan_entry_in_and_out, abyss_entry,
          grunt_hell_entry_dis_grunt, minmay_protected_statue, uniq_xtahua
Depths:5: evilmike_zot_entry_basic, layout_small_grid, minmay_misc_feat_cross,
          hell_entry, grunt_megastairs_1, infiniplex_staircase_pool_lava

Skill      XL: |  1  2  3  4  5  6  7  8  9 10 11 12 13 14 15 16 17 18 19 20 21 22 23 24 |
---------------+-------------------------------------------------------------------------+-----
Armour         | 2 3 4 6 7 9 10 11 12 14 15 17 18 | 18.7
Throwing       | 2 |  2.1
Short Blades   | 1 2 3 |  3.1
Shields        | 1 2 3 4 |  4.0
Necromancy     | 1 2 4 6 8 10 11 13 14 | 14.0
Evocations     | 1 2 3 4 6 7 |  7.1
Axes           | 4 6 8 10 11 13 15 17 19 20 21 23 25 26 | 26.0
Fighting       | 5 10 12 14 16 18 19 | 19.8
Dodging        | 5 |  5.2
Crossbows      | |  1.0
Spellcasting   | |  2.1
Air Magic      | |  2.6

Action                   |  1- 3 |  4- 6 |  7- 9 | 10-12 | 13-15 | 16-18 | 19-21 | 22-24 || total
-------------------------+-------+-------+-------+-------+-------+-------+-------+-------++-------
Melee: Dagger            |   274 |   232 |    42 |       |       |       |       |       ||   548
       Flail             |       |       |    41 |       |       |       |       |       ||    41
       Hand axe          |       |       |   293 |   936 |  1803 |       |       |       ||  3032
       Headbutt          |       |       |    20 |   179 |   490 |   520 |   522 |   454 ||  2185
       Whip              |       |       |       |    21 |    71 |       |       |       ||    92
       Broad axe         |       |       |       |       |   139 |  1895 |  1384 |       ||  3418
       Executioner's axe |       |       |       |       |       |       |   619 |  1368 ||  1987
 Cast: Corpse Rot        |       |       |     2 |     1 |     6 |       |       |       ||     9
       Dispel Undead     |       |       |       |       |    13 |       |     3 |       ||    16
       Animate Dead      |       |       |       |       |     3 |       |     1 |       ||     4
Invok: Receive Corpses   |       |       |       |       |     8 |       |     2 |       ||    10
       Receive Necronomi |       |       |       |       |       |       |       |     1 ||     1
Evoke: Wand              |       |    17 |     5 |    20 |    39 |     7 |    26 |    14 ||   128
       Lightning rod     |       |       |       |       |     2 |    10 |     7 |       ||    19
       Lamp of fire      |       |       |       |       |       |     7 |     5 |       ||    12
       Phial of floods   |       |       |       |       |       |       |       |     1 ||     1
  Use: Potion            |     6 |     3 |     2 |     1 |    10 |     7 |     3 |    13 ||    45
       Scroll            |       |       |    10 |    12 |    12 |    14 |    26 |    27 ||   101
 Stab: Sleeping          |       |       |     6 |     3 |     5 |       |       |       ||    14
       Paralysed         |       |       |     4 |    26 |     8 |       |     1 |       ||    39
       Distracted        |       |       |     1 |     1 |     1 |     1 |       |     1 ||     5
       Confused          |       |       |       |       |     5 |     2 |       |       ||     7
       Invisible         |       |       |       |       |    12 |       |       |       ||    12
  Eat: Chunk             |     3 |       |     3 |    23 |    18 |     7 |    41 |    20 ||   115
       Ration            |     1 |     3 |     6 |     2 |    15 |    16 |    12 |    10 ||    65
Armor: Ring mail         |   134 |    66 |   228 |   429 |   688 |       |       |       ||  1545
       Skin              |       |       |     3 |       |       |       |       |       ||     3
       Troll leather arm |       |       |       |       |   145 |   123 |       |       ||   268
       Plate armour      |       |       |       |       |       |   817 |  1340 |   915 ||  3072
       Gold dragon scale |       |       |       |       |       |       |       |   271 ||   271
Dodge: Dodged            |   154 |    82 |   166 |   497 |   933 |   548 |   731 |   671 ||  3782
Block: Buckler           |    54 |    26 |    87 |   219 |   427 |   360 |   197 |       ||  1370
       Reflection        |       |       |       |       |     4 |    47 |    16 |       ||    67

Table legend:
 A = Non-vault XP
 B = Vault XP
 C = Vault XP percentage of total XP
 D = Non-vault monster count
 E = Vault monster count
 F = Vault count percentage of total count
                 A         B        C        D         E       F
            +---------+---------+-------+---------+---------+-------
      Total |  591575 |  542301 |  47.8 |    1297 |     842 |  39.4
            +---------+---------+-------+---------+---------+-------
        D:1 |      48 |       0 |   0.0 |      23 |       0 |   0.0
        D:2 |      58 |       0 |   0.0 |      14 |       0 |   0.0
        D:3 |      44 |       0 |   0.0 |       8 |       0 |   0.0
        D:4 |     537 |       0 |   0.0 |      13 |       0 |   0.0
        D:5 |     600 |     268 |  30.9 |      15 |       1 |   6.2
        D:6 |    1059 |     116 |   9.9 |      27 |      24 |  47.1
        D:7 |    1451 |    1082 |  42.7 |      26 |      10 |  27.8
        D:8 |    1332 |     112 |   7.8 |      20 |       1 |   4.8
        D:9 |    1129 |    1901 |  62.7 |      34 |       6 |  15.0
       D:10 |    4836 |       0 |   0.0 |      52 |       0 |   0.0
       D:11 |    3208 |    2339 |  42.2 |      26 |      20 |  43.5
       D:12 |    4774 |    2951 |  38.2 |      18 |      15 |  45.5
       D:13 |    2725 |    2200 |  44.7 |      23 |       8 |  25.8
       D:14 |   13556 |    8927 |  39.7 |      29 |      25 |  46.3
       D:15 |   18964 |    7051 |  27.1 |      53 |      10 |  15.9
     Lair:1 |    5040 |    1494 |  22.9 |      21 |       4 |  16.0
     Lair:2 |    5547 |       0 |   0.0 |      22 |       0 |   0.0
     Lair:3 |    5262 |    1883 |  26.4 |      22 |       6 |  21.4
     Lair:4 |    5979 |    1886 |  24.0 |      20 |       5 |  20.0
     Lair:5 |   12859 |    6456 |  33.4 |      47 |      18 |  27.7
     Lair:6 |    7955 |   11182 |  58.4 |      29 |      27 |  48.2
   Shoals:1 |   13506 |    6058 |  31.0 |      28 |       7 |  20.0
   Shoals:2 |   16130 |    4556 |  22.0 |      30 |       4 |  11.8
   Shoals:3 |   17964 |    7356 |  29.1 |      34 |       4 |  10.5
   Shoals:4 |   19332 |   18968 |  49.5 |      39 |      29 |  42.6
    Snake:1 |    5070 |       0 |   0.0 |      13 |       0 |   0.0
    Snake:2 |   16794 |    1595 |   8.7 |      26 |       1 |   3.7
    Snake:3 |   24844 |    5774 |  18.9 |      46 |      11 |  19.3
    Snake:4 |   20790 |   53501 |  72.0 |      43 |      71 |  62.3
      Orc:1 |    1122 |       0 |   0.0 |      11 |       0 |   0.0
      Orc:2 |       0 |   20636 | 100.0 |       0 |     142 | 100.0
      Elf:1 |    8752 |    6516 |  42.7 |      14 |       9 |  39.1
      Elf:2 |   21667 |   32562 |  60.0 |      34 |      31 |  47.7
      Elf:3 |    8643 |   44963 |  83.9 |      11 |      34 |  75.6
   Vaults:1 |   16076 |   22954 |  58.8 |      26 |      40 |  60.6
   Vaults:2 |   17175 |   21246 |  55.3 |      39 |      26 |  40.0
   Vaults:3 |   42061 |    9652 |  18.7 |      59 |      12 |  16.9
   Vaults:4 |   18299 |   28854 |  61.2 |      27 |      32 |  54.2
   Vaults:5 |   19597 |   36756 |  65.2 |      24 |      25 |  51.0
   Depths:1 |   34001 |   76765 |  69.3 |      44 |      59 |  57.3
   Depths:2 |   43547 |   31539 |  42.0 |      55 |      25 |  31.2
   Depths:3 |   45457 |    9938 |  17.9 |      56 |       8 |  12.5
   Depths:4 |   45649 |   22264 |  32.8 |      47 |      22 |  31.9
   Depths:5 |   34195 |   13197 |  27.8 |      42 |      10 |  19.2
    Abyss:2 |    3941 |       0 |   0.0 |       7 |       0 |   0.0
      IceCv |       0 |   13973 | 100.0 |       0 |      51 | 100.0
   Gauntlet |       0 |    2830 | 100.0 |       0 |       9 | 100.0
            +---------+---------+-------+---------+---------+-------
